Map: Amygdala

Players

世界是巨大的鹿 - Winner!

  • Race: Protoss Protoss
  • League: Diamond
  • Spawn Location: 7:00

A.I.(精英)

  • Race: Terran Terran
  • Spawn Location: 1:00

VOD

Have the link to the VOD?

Description

Time

  • Played on: Feb. 21, 2025, 5:24 a.m.
  • Length: 11:21
Show
View Real Time Build Order
Export as new Build Order

世界是巨大的鹿 Protoss - Winner!

Build Orders: 1 Gate Expand, Blink Stalkers 

Get SALT Encoding   

  12  0:00  Probe  
  13  0:12  Probe  
  14  0:17  Pylon  
  14  0:24  Probe  
  15  0:32  Probe  
  15  0:37  Gateway  
  15  0:40  Probe  
  16  0:49  Assimilator  
  17  0:51  Probe  
  18  1:03  Probe  
  19  1:15  Probe  
  20  1:25  Cybernetics Core  
  20  1:36  Nexus  
  20  1:43  Pylon  
  20  1:50  Assimilator  
  20  1:51  Probe  
  20  1:52  Adept  
  21  2:03  Probe  
  24  2:11  Warp Gate  
  24  2:15  Probe  
  25  2:24  Twilight Council  
  25  2:29  Probe  
  26  2:31  Stalker  
  28  2:41  Blink  
  28  2:43  Probe  
  29  2:48  Probe  
  30  2:55  Probe  
  31  3:00  Probe  
  31  3:03  Probe  
  32  3:08  Gateway  
  32  3:11  Probe  
  32  3:12  Probe  
  34  3:16  Sentry  
  37  3:23  Pylon  
  37  3:24  Probe  
  37  3:25  Probe  
  39  3:36  Gateway, Probe  
  39  3:37  Probe  
  41  3:46  Robotics Facility  
  41  3:49  Probe x2  
  43  4:01  Probe  
  44  4:04  Probe  
  44  4:06  Stalker  
  47  4:10  Pylon  
  47  4:13  Stalker  
  49  4:20  Probe x2  
  49  4:21  Assimilator  
  51  4:26  Nexus  
  51  4:31  Stalker  
  53  4:35  Stalker  
  53  4:38  Stalker  
  57  4:39  Observer  
  57  4:41  Probe  
  59  4:45  Probe  
  59  4:48  Forge  
  59  4:52  Pylon  
  60  4:54  Probe  
  60  4:56  Charge  
  61  5:00  Protoss Ground Weapons Level 1  
  59  5:07  Probe  
  59  5:08  Probe  
  59  5:10  Immortal  
  65  5:14  Gateway  
  65  5:15  Probe  
  65  5:16  Probe  
  67  5:24  Probe  
  67  5:27  Probe  
  68  5:29  Gateway  
  69  5:36  Probe  
  69  5:39  Probe  
  69  5:40  Gateway  
  69  5:42  Gateway  
  71  5:46  Gateway  
  71  5:47  Probe  
  72  5:51  Probe  
  72  5:54  Immortal  
  72  5:56  Pylon  
  73  6:03  Probe  
  74  6:06  Sentry x2  
  74  6:07  Shield Battery  
  74  6:08  Probe  
  74  6:09  Probe  
  84  6:13  Pylon  
  82  6:20  Zealot  
  82  6:21  Zealot  
  82  6:23  Pylon  
  86  6:26  Stalker  
  86  6:31  Stalker x2  
  92  6:40  Warp Prism  
  92  6:49  Protoss Ground Weapons Level 2, Stalker x2, Zealot  
  92  6:50  Zealot x2  
  92  6:53  Pylon  
  104  6:54  Pylon  
  104  6:56  Forge  
  104  6:58  Zealot  
  104  6:59  Zealot  
  108  7:02  Pylon  
  108  7:17  Zealot x3  
  108  7:18  Zealot x2  
  108  7:19  Zealot  
  108  7:20  Protoss Ground Armor Level 1, Zealot  
  108  7:22  Zealot  
  124  7:33  Pylon  
  124  7:34  Pylon  
  124  7:39  Zealot  
  124  7:40  Zealot x3  
  132  7:49  Robotics Bay  
  124  7:59  Zealot x4  
  124  8:00  Zealot x3  
  124  8:04  Robotics Bay  
  128  8:17  Zealot  
  130  8:26  Zealot x3  
  136  8:30  Nexus  
  136  8:31  Pylon  
  136  8:37  Zealot x4  
  136  8:40  Zealot  
  146  8:41  Extended Thermal Lance, Colossus  
  146  8:48  Pylon  
  152  8:57  Gateway  
  152  8:58  Gateway  
  152  9:18  Zealot x4  
  152  9:19  Zealot x2  
  158  9:25  Pylon  
  158  9:28  Pylon  
  158  9:30  Zealot x2  
  160  9:35  Probe  
  160  9:36  Photon Cannon, Probe  
  160  9:37  Probe  
  163  9:38  Shield Battery  
  163  9:44  Stalker x2  
  167  9:48  Probe  
  167  9:50  Robotics Facility  
  167  9:52  Probe x2  
  170  9:53  Probe  
  170  9:57  Probe  
  170  9:59  Colossus  
  171  10:04  Probe  
  179  10:15  Assimilator  
  179  10:16  Assimilator  
  179  10:30  Pylon  
  179  10:32  Pylon  
  179  10:34  Pylon  
  179  10:38  Stalker  
  179  10:39  Stalker, Zealot x2  
  179  10:42  Nexus  
  187  10:43  Pylon  
  187  10:47  Pylon  
  193  11:05  Stalker x3  
  199  11:18  Assimilator  
Show
View Real Time Build Order
Export as new Build Order

A.I.(精英) Terran 

Build Orders:  

Get SALT Encoding   

  12  0:00  SCV  
  13  0:13  SCV  
  14  0:18  Supply Depot  
  14  0:25  SCV  
  15  0:28  Refinery  
  15  0:40  SCV  
  16  0:47  Barracks  
  16  0:52  SCV  
  17  1:04  SCV  
  18  1:16  SCV  
  19  1:34  Marine  
  19  1:38  Orbital Command, Supply Depot  
  20  1:41  Factory  
  20  1:53  Barracks  
  20  1:54  Marine  
  21  2:04  SCV  
  22  2:09  Refinery  
  22  2:12  Marine  
  23  2:16  SCV  
  24  2:22  Supply Depot  
  24  2:26  Factory Tech Lab  
  24  2:28  SCV  
  25  2:31  Marine  
  26  2:39  Marine  
  27  2:45  Siege Tank  
  27  2:48  SCV  
  27  2:50  Marine  
  32  2:57  Marine  
  33  3:00  Supply Depot  
  33  3:03  SCV  
  34  3:08  Marine  
  35  3:15  Marine  
  35  3:17  Siege Tank  
  39  3:22  SCV  
  39  3:26  Marine  
  41  3:32  Supply Depot  
  41  3:33  Marine  
  42  3:35  SCV  
  43  3:48  SCV  
  44  3:59  Command Center  
  44  4:00  SCV, Barracks Tech Lab  
  45  4:03  Barracks Tech Lab  
  44  4:12  SCV  
  44  4:16  Supply Depot  
  45  4:18  Marine  
  45  4:22  Marauder  
  49  4:24  SCV  
  49  4:31  Stimpack  
  49  4:37  Marauder  
  51  4:43  Engineering Bay, Marine  
  52  4:53  Combat Shield  
  52  4:58  Marauder  
  54  5:01  Marauder  
  55  5:10  Supply Depot  
  55  5:11  Terran Infantry Weapons Level 1  
  55  5:12  SCV  
  57  5:14  SCV  
  57  5:19  Marauder  
  59  5:24  SCV, Marauder  
  59  5:26  SCV  
  55  5:36  SCV  
  55  5:38  SCV  
  55  5:41  Marauder  
  58  5:45  Marine  
  58  5:48  SCV  
  54  5:50  SCV  
  55  6:00  SCV  
  55  6:02  Barracks, SCV, Marauder  
  55  6:03  Marauder  
  61  6:12  SCV  
  61  6:14  SCV  
  63  6:23  Marine  
  63  6:24  Marine  
  63  6:25  SCV  
  66  6:26  SCV  
  66  6:32  Starport  
  67  6:34  Missile Turret  
  67  6:37  Missile Turret, SCV  
  67  6:39  SCV  
  68  6:40  Command Center  
  68  6:41  Marine  
  68  6:42  Marauder  
  71  6:49  Barracks Reactor  
  71  6:51  Orbital Command  
  71  6:53  Concussive Shells  
  71  6:59  Marine  
  72  7:03  Marine  
  72  7:05  Terran Infantry Armor Level 1  
  72  7:08  Starport Tech Lab, Supply Depot  
  73  7:12  Engineering Bay  
  73  7:16  Marine  
  73  7:22  Marauder  
  76  7:24  Marine  
  76  7:25  Barracks  
  76  7:26  Medivac  
  76  7:27  Marine  
  80  7:35  Marauder  
  80  7:36  Supply Depot  
  82  7:42  Marine  
  82  7:43  Marine  
  84  7:44  Marine  
  85  7:52  Refinery  
  85  7:53  SCV  
  85  7:55  SCV  
  85  7:56  Marine  
  85  7:57  SCV, Raven  
  88  8:01  Marine, Marauder  
  88  8:03  Marine  
  88  8:05  SCV  
  62  8:10  SCV  
  62  8:12  SCV  
  62  8:13  Marine  
  62  8:15  Marine  
  62  8:17  SCV  
  62  8:18  Marine  
  61  8:21  Marine  
  61  8:22  Marauder  
  61  8:23  SCV  
  61  8:26  SCV  
  66  8:29  SCV  
  66  8:31  Viking  
  66  8:32  Marauder  
  66  8:33  Marine  
  70  8:35  SCV  
  70  8:36  Marine  
  70  8:38  SCV  
  70  8:39  Marine  
  71  8:41  SCV  
  71  8:44  Marauder  
  71  8:47  SCV  
  75  8:51  Marine  
  75  8:53  SCV, Marauder  
  75  8:54  SCV, Marine  
  79  8:56  Marine  
  79  8:59  SCV  
  79  9:00  Medivac  
  82  9:04  Marine  
  82  9:06  SCV  
  82  9:07  SCV  
  82  9:08  Marine  
  79  9:12  Marine  
  79  9:14  Marine, Marauder  
  68  9:18  SCV  
  68  9:19  SCV  
  68  9:23  Marauder  
  50  9:26  Marine  
  50  9:30  Medivac  
  44  9:36  Marauder  
  36  9:44  Marine, SCV  
  35  9:53  Marine  
  35  9:55  SCV  
  35  9:57  Marauder  
  35  9:59  SCV  
  30  10:01  Marine  
  30  10:02  Starport Tech Lab  
  28  10:07  SCV  
  24  10:18  Starport Tech Lab  
  21  10:23  SCV, Marine x2  
  22  10:34  Marine  
  22  10:35  SCV x2  
  9  11:08  SCV  
Tags
 
Composition
Blink Stalkers
League
Diamond
Matchup
PvT
Spawn Locations
Cross Positions
Add a new tag
Caveats
  • Supply blocks, unpowered buildings, or Contaminate may cause inaccurate times.
  • Supply counts are checked every 10 seconds.